Match 40157045
Unlisted

Match 40157045
End
Kettenkrad Recon Vehicle
Construct Infanterie Kompanie
Selects Terror Battlegroup
Selects Machine Gun Camouflage
MG 42 Machine Gun Team
MG 42 Machine Gun Team
GrW 34 Mortar Team
Construct Luftwaffe Kompanie
Jäger Squad
Jäger Squad
Jäger Squad
Jäger Squad
Grenadier Squad
Construct Panzer Kompanie
Selects Contempt for the Weak
Luftwaffe Officer Quarters
Selects Jericho Trumpet
Jericho Trumpet
Panzer IV Medium Tank
Panzer IV Medium Tank
Kettenkrad Recon Vehicle
Selects V1 Rocket Strike
Pioneer Squad
Panzer IV Medium Tank
V1 Rocket Strike
Side Skirts
Pioneer Squad
V1 Rocket Strike
Pioneer Squad
Jäger Squad
V1 Rocket Strike
Jericho Trumpet
Panzer IV Medium Tank
Selects Defend the Fatherland
Panzer IV Medium Tank
Kettenkrad Recon Vehicle
Panzer Officer Quarters
V1 Rocket Strike
Jericho Trumpet
Selects King Tiger Heavy Tank
V1 Rocket Strike
King Tiger Heavy Tank
Kettenkrad Recon Vehicle
V1 Rocket Strike
King Tiger Heavy Tank
Kettenkrad Recon Vehicle
V1 Rocket Strike
Pioneer Squad
Kettenkrad Recon Vehicle
Jäger Squad
V1 Rocket Strike
Sturmpanzer IV Brummbär
Pioneer Squad
Kettenkrad Recon Vehicle
[Ace] Mango Rage
Zbogom12
Turtleboy
Madbirmy
LoCo|StetoGuy
rich
BlackJackKing
Dumpster Bob
0
0

Comments sign in to comment!

No comments posted yet!